 Dungeon Crawl Stone Soup version 0.14-a0-942-gbd853f2 (webtiles) character file.

9906 Malachi the Frost Mage (level 11, -9/72 HPs)
             Began as a Demonspawn Ice Elementalist on Nov 19, 2013.
             Was a Priest of Vehumet.
             Mangled by a black bear (12 damage)
             ... on Level 11 of the Dungeon.
             The game lasted 00:55:58 (17287 turns).

Malachi the Frost Mage (DsIE)                      Turns: 17287, Time: 00:55:58

HP  -9/72        AC  4     Str 11      XL: 11   Next: 21%
MP   8/22        EV 18     Int 19      God: Vehumet [***...]
Gold 610         SH 15     Dex 14      Spells:  5 memorised,  5 levels left

Res.Fire  : x . .   See Invis. : .     - Unarmed
Res.Cold  : + . .   Warding    : .   a - +0 robe
Life Prot.: . . .   Conserve   : .   (no shield)
Res.Poison: +       Res.Corr.  : .   (no helmet)
Res.Elec. : .       Clarity    : .   J - +0 cloak
Sust.Abil.: . .     Spirit.Shd : .   (no gloves)
Res.Mut.  : .       Stasis     : .   A - +0 pair of boots
Res.Rott. : .       Flight     : .   (no amulet)
Saprovore : . . .                    u - ring of poison resistance
                                     p - ring of ice

@: about to teleport, somewhat resistant to hostile enchantments, quite stealthy
A: claws 2, repulsion field 1, nightstalker 1, powered by pain 2, strong 1
a: Renounce Religion


You were on level 11 of the Dungeon.
You worshipped Vehumet.
Vehumet was most pleased with you.
You were very hungry.

You visited 2 branches of the dungeon, and saw 12 of its levels.

You collected 610 gold pieces.

Inventory:

Hand weapons
 m - a +0,+0 orcish short sword
Missiles
 v - 4 tomahawks (quivered)
Armour
 a - a +0 robe (worn)
 A - a +0 pair of boots (worn)
 J - a +0 cloak (worn)
Magical devices
 d - a wand of confusion (0)
 t - a wand of disintegration (0)
 y - a wand of confusion (7)
 z - a wand of polymorph (18)
 D - a wand of draining (0)
 E - a wand of frost (15)
 O - a wand of random effects (0)
Comestibles
 c - 4 bread rations
 o - 2 chokos
 w - 4 meat rations
 C - 15 apples
 F - 10 sultanas
 H - 11 grapes
 K - 2 pears
 N - 12 apricots
Scrolls
 e - a scroll of magic mapping
 g - 3 scrolls of teleportation
 i - 4 scrolls of enchant weapon I
 l - 2 scrolls of enchant armour
 r - 5 scrolls of remove curse
 s - 2 scrolls of amnesia
Jewellery
 n - an uncursed amulet of rage {unknown}
 p - a ring of ice (left claw)
 u - a ring of poison resistance (right claw)
 x - an uncursed amulet of resist mutation {unknown}
 B - an uncursed ring of protection from cold
 G - an uncursed ring of positive energy
 I - a +2 ring of strength
Potions
 f - 4 potions of curing
 h - 3 potions of brilliance
 j - 4 potions of agility
 k - a potion of restore abilities
Books
 b - a book of Frost

   Spells                             Type                      Level
   *Freeze                            Ice                          1
   Throw Frost                        Conjuration/Ice              2
   *Ozocubu's Armour                  Charms/Ice                   3
   *Throw Icicle                      Conjuration/Ice              4
   Summon Ice Beast                   Ice/Summoning                4
   *Condensation Shield               Ice                          4
 q - a book of Conjurations

   Spells                             Type                      Level
   Magic Dart                         Conjuration                  1
   Searing Ray                        Conjuration                  2
   Dazzling Spray                     Conjuration/Hexes            3
   Iskenderun's Mystic Blast          Conjuration                  4
   Iskenderun's Battlesphere          Conjuration/Charms           4
   Fulminant Prism                    Conjuration/Hexes            5
 M - a book of Necromancy

   Spells                             Type                      Level
   Pain                               Necromancy                   1
   Animate Skeleton                   Necromancy                   1
   Lethal Infusion                    Charms/Necromancy            2
   Vampiric Draining                  Necromancy                   3
   *Regeneration                      Charms/Necromancy            3
   Animate Dead                       Necromancy                   4
   Control Undead                     Necromancy                   4


   Skills:
 + Level 3.4 Fighting
 + Level 7.7 Dodging
 + Level 3.6 Stealth
 + Level 4.2 Unarmed Combat
 - Level 5.0 Spellcasting
 + Level 2.8 Conjurations
 + Level 2.0 Charms
 + Level 11.4 Ice Magic
 - Level 1.0 Evocations


You had 5 spell levels left.
You knew the following spells:

 Your Spells              Type           Power        Failure   Level  Hunger
a - Freeze                Ice            ####         1%          1    None
b - Ozocubu's Armour      Chrm/Ice       #####.....   2%          3    ###....
c - Condensation Shield   Ice            ######....   1%          4    ####...
d - Throw Icicle          Conj/Ice       #####...     2%          4    ####...
e - Regeneration          Chrm/Necr      #.........   28%         3    ###....


Dungeon Overview and Level Annotations

Branches:
Dungeon (11/16)            Temple (1/1) D:7             Orc (0/4) D:11
   Lair: D:8-13

Altars:
Ashenzari
Cheibriados
Elyvilon
Fedhas
Kikubaaqudgha
Makhleb
Nemelex Xobeh
Okawaru
Sif Muna
Trog
Vehumet
Xom
Yredelemnul
Zin
the Shining One

Shops:
D:5 }   D:7 *


Innate Abilities, Weirdness & Mutations

You have very sharp fingernails.
You are surrounded by a mild repulsion field (EV +2).
You are slightly more attuned to the shadows.
You sometimes gain power by taking damage.
Your muscles are strong. (Str +2)


Message History

* * * LOW HITPOINT WARNING * * *
The grizzly bear claws you.
* * * LOW HITPOINT WARNING * * *
Read which item? (? for menu, Esc to quit)
Okay, then.
Drink which item? (? for menu, Esc to quit)
Okay, then.
Read which item? (? for menu, Esc to quit)
As you read the scroll of fear, it crumbles to dust.
You assume a fearsome visage.
The black bear looks frightened!
The black bear looks frightened!
The grizzly bear looks frightened!
The grizzly bear is no longer bleeding.
The black bear turns to fight!
The black bear goes berserk!
The black bear rages.
Drink which item? (? for menu, Esc to quit)
Okay, then.
Read which item? (? for menu, Esc to quit)
As you read the scroll of teleportation, it crumbles to dust.
You feel strangely unstable. The black bear bites you!
You die... .#######. #..........+...# .### #..........##..# ...# #....).....##..# ...# U.U

#..........##..# .### ...
#..........'...# ## #..
#....(.....'...# #.#
##.##(.....#..##
#U.######.##......#..#
#..%..U@.##(.....#..# #####
############''####..# #...#
#..# #... ###'####### #..#
#.# #.........# #..####.#
#.........##########.......#
#.........'.......##..######
#.........#######.##..#
####+## #.........#
#.....##..# #.....#


You could see a grizzly bear (fleeing) and a black bear (berserk).

Vanquished Creatures
  An unseen horror (D:10)
  A hill giant (D:10)
  An orange demon (D:11)
  A feature mimic (D:11)
  Grinder (D:3)
  A shadow (D:11)
  A grizzly bear (D:11)
  4 yaks (D:10)
  A hippogriff (D:8)
  A hungry ghost (D:10)
  Edmund (D:6)
  A manticore (D:8)
  A deep dwarf (D:8)
  5 orc warriors
  2 phantoms (D:10)
  8 ogres
  A black bear (D:11)
  2 ice beasts
  5 centaurs
  2 big kobolds (D:10)
  4 sky beasts
  Sigmund (D:3)
  A crocodile (D:10)
  9 giant frogs
  A yak zombie (D:8)
  A troll skeleton (D:11)
  2 wights (D:9)
  4 killer bees (D:11)
  10 crimson imps
  Crazy Yiuf (D:2)
  8 orc priests
  A giant frog skeleton (D:9)
  7 hounds
  2 jellies
  14 orc wizards
  8 worker ants
  3 scorpions
  A hound zombie (D:3)
  10 gnolls
  A giant centipede (D:10)
  22 adders
  A giant mite (D:6)
  A goliath beetle zombie (D:7)
  5 worms
  An adder skeleton (D:9)
  5 giant eyeballs
  4 giant geckos
  4 oozes
  43 orcs
  2 ball pythons
  9 giant cockroaches
  16 goblins
  24 hobgoblins
  4 jackals
  2 quokkas
  20 bats
  8 giant newts
  A giant newt skeleton (D:4)
  A giant spore (D:10)
  23 kobolds
  13 rats
  A rat skeleton (D:4)
  16 ballistomycetes
356 creatures vanquished.

Vanquished Creatures (others)
  A ghoul (D:1)
  A minotaur (D:1)
  An elf (D:1)
  2 draconians (D:1)
  2 dwarves (D:1)
  2 nagas (D:1)
  2 ogres (D:1)
  A phantom (D:9)
  A mummy (D:1)
  4 giant spores
  5 tentacles (D:1)
22 creatures vanquished.

Grand Total: 378 creatures vanquished

Notes
Turn   | Place    | Note
--------------------------------------------------------------
     0 | D:1      | Malachi, the Demonspawn Ice Elementalist, began the quest for the Orb.
     0 | D:1      | Reached XP level 1. HP: 13/13 MP: 3/3
     0 | D:1      | Noticed a naga
     0 | D:1      | Noticed an ogre
     0 | D:1      | Noticed an ogre
     0 | D:1      | Noticed a draconian
     0 | D:1      | Noticed a draconian
     0 | D:1      | Noticed a minotaur
     0 | D:1      | Noticed a kraken
     0 | D:1      | Noticed a ghoul
     0 | D:1      | Noticed a dwarf
     0 | D:1      | Noticed an elf
     0 | D:1      | Noticed a naga
     0 | D:1      | Noticed a dwarf
     4 | D:1      | Killed a naga
     5 | D:1      | Killed a dwarf
     5 | D:1      | Killed a dwarf
     8 | D:1      | Killed a ghoul
     9 | D:1      | Killed an ogre
     9 | D:1      | Killed an elf
    11 | D:1      | Killed a naga
    11 | D:1      | Killed a draconian
    12 | D:1      | Killed a minotaur
    13 | D:1      | Killed an ogre
    18 | D:1      | Killed a draconian
   194 | D:1      | Reached skill level 3 in Ice Magic
   331 | D:1      | Gained mutation: You are surrounded by a mild repulsion field (EV +2). [demonic ancestry]
   331 | D:1      | Reached XP level 2. HP: 19/19 MP: 1/4
  1064 | D:2      | Found a snail-covered altar of Cheibriados.
  1427 | D:2      | Gained mutation: You have sharp fingernails. [demonic ancestry]
  1427 | D:2      | Reached XP level 3. HP: 20/24 MP: 0/6
  2495 | D:3      | Reached XP level 4. HP: 25/30 MP: 5/8
  2685 | D:3      | Noticed Sigmund
  2861 | D:4      | Reached skill level 4 in Ice Magic
  2861 | D:4      | Reached XP level 5. HP: 29/35 MP: 4/10
  2924 | D:4      | Paralysed by a giant eyeball for 4 turns
  3188 | D:4      | Paralysed by a giant eyeball for 4 turns
  4120 | D:3      | Noticed Grinder
  4121 | D:3      | Paralysed by Grinder for 4 turns
  4417 | D:2      | Reached XP level 6. HP: 41/41 MP: 8/13
  4755 | D:3      | Killed Sigmund
  4796 | D:3      | Found an iron altar of Okawaru.
  4796 | D:3      | Found a shimmering altar of Xom.
  4797 | D:3      | Found a deep blue altar of Sif Muna.
  4798 | D:3      | Paralysed by Grinder for 6 turns
  4812 | D:3      | Killed Grinder
  4812 | D:3      | Reached skill level 5 in Ice Magic
  4812 | D:3      | Gained mutation: You are slightly more attuned to the shadows. [demonic ancestry]
  4812 | D:3      | Reached XP level 7. HP: 46/46 MP: 14/16
  5092 | D:2      | hurdos: Hi
  5094 | D:2      | Malachi: hey
  5317 | D:4      | hurdos: Will you get Vehu ot Sif?
  5319 | D:4      | Reached skill level 1 in Unarmed Combat
  5336 | D:4      | Malachi: vehu
  5336 | D:4      | Malachi: but i got los mutation :/
  5336 | D:4      | Malachi: dunno if I should stay caster
  5552 | D:4      | Noticed a phantom
  5862 | D:3      | Learned a level 3 spell: Ozocubu's Armour
  5867 | D:3      | Learned a level 4 spell: Condensation Shield
  6073 | D:5      | Entered Level 5 of the Dungeon
  6198 | D:5      | Found Aremp's Gadget Boutique.
  6278 | D:5      | Reached skill level 5 in Spellcasting
  6278 | D:5      | Reached skill level 1 in Evocations
  6749 | D:5      | Found a shattered altar of Ashenzari.
  6999 | D:5      | Gained mutation: Your muscles are strong. (Str +2) [potion of beneficial mutation]
  7455 | D:6      | Noticed Edmund
  7456 | D:6      | Paralysed by a giant eyeball for 4 turns
  7478 | D:7      | Gained mutation: You sometimes gain a little power by taking damage. [demonic ancestry]
  7478 | D:7      | Reached XP level 8. HP: 29/52 MP: 5/19
  7625 | D:7      | Reached skill level 6 in Ice Magic
  7905 | D:6      | Killed Edmund
  7905 | D:6      | Reached skill level 1 in Fighting
  8218 | D:4      | Noticed a centaur
  8225 | D:4      | Killed a centaur
  8225 | D:4      | Reached skill level 7 in Ice Magic
  8257 | D:4      | Learned a level 4 spell: Throw Icicle
  8666 | D:2      | Noticed Crazy Yiuf
  8674 | D:2      | Killed Crazy Yiuf
  8948 | D:7      | Found Psusu's Assorted Antiques.
  9171 | D:7      | Gained mutation: You sometimes gain power by taking damage. [demonic ancestry]
  9171 | D:7      | Reached XP level 9. HP: 35/58 MP: 10/20
  9259 | D:7      | Reached skill level 8 in Ice Magic
  9533 | D:7      | Found a staircase to the Ecumenical Temple.
  9543 | Temple   | Entered the Ecumenical Temple
  9741 | Temple   | Became a worshipper of Vehumet
 10215 | D:8      | Reached skill level 5 in Dodging
 10412 | D:8      | Reached skill level 9 in Ice Magic
 10867 | D:8      | Acquired Vehumet's first power
 10867 | D:8      | Offered knowledge of Magic Dart by Vehumet.
 10875 | D:8      | hurdos: regen?
 10882 | D:8      | Learned a level 3 spell: Regeneration
 10994 | D:8      | Malachi: got it
 10994 | D:8      | hurdos: cool
 11108 | D:8      | hurdos: good luck, I should go
 11824 | D:9      | Reached skill level 10 in Ice Magic
 11824 | D:9      | Reached XP level 10. HP: 62/65 MP: 11/21
 11920 | D:8      | HP: 3/65 [wight/great sword (9)]
 12530 | D:9      | Offered knowledge of Sandblast by Vehumet.
 13494 | D:10     | Entered Level 10 of the Dungeon
 13535 | D:10     | Killed an unseen horror
 14384 | D:10     | Reached skill level 1 in Charms
 14722 | D:10     | Offered knowledge of Searing Ray by Vehumet.
 14755 | D:10     | Reached skill level 11 in Ice Magic
 14944 | D:10     | Noticed a hill giant
 14949 | D:10     | Killed a hill giant
 15053 | D:10     | Acquired Vehumet's second power
 15907 | D:11     | Gained mutation: You have very sharp fingernails. [demonic ancestry]
 15907 | D:11     | Reached XP level 11. HP: 72/72 MP: 9/22
 16305 | D:11     | Offered knowledge of Stone Arrow by Vehumet.
 17096 | D:11     | Found a staircase to the Orcish Mines.
 17282 | D:11     | HP: 3/72 [grizzly bear (1)]
 17287 | D:11     | Mangled by a black bear

Action                   |  1- 3 |  4- 6 |  7- 9 | 10-12 || total
-------------------------+-------+-------+-------+-------++-------
Melee: Unarmed           |     2 |   111 |   240 |   648 ||  1001
       Short sword       |    15 |     1 |       |       ||    16
 Cast: Freeze            |    74 |    78 |   346 |   122 ||   620
       Ozocubu's Armour  |       |       |    14 |    17 ||    31
       Condensation Shie |       |       |    14 |    17 ||    31
       Throw Icicle      |       |       |     5 |    37 ||    42
Evoke: Wand              |       |     5 |    15 |    10 ||    30
  Use: Scroll            |     4 |     1 |    17 |     9 ||    31
       Potion            |       |     1 |     1 |     8 ||    10
 Stab: Sleeping          |       |     1 |     9 |     3 ||    13
       Distracted        |       |       |     1 |     1 ||     2
